 Dungeon Crawl Stone Soup version 0.31-a0-854-g362426d53f (webtiles) character file.

Game seed: 11540756731153084617

826 CowFu the Covert (level 7, 0/60 HPs)
             Began as a Gnoll Delver on Oct 8, 2023.
             Was an Initiate of Yredelemnul.
             Killed by divine providence
             ... invoked by an orc priest
              (15 damage)
             ... on level 6 of the Dungeon.
             The game lasted 00:09:58 (4131 turns).

CowFu the Covert (Gnoll Delver)                     Turns: 4131, Time: 00:09:59

Health: 0/60       AC: 11    Str: 19    XL:     7   Next: 96%
Magic:  11/11      EV:  9    Int: 10    God:    Yredelemnul [......]
Gold:   162        SH:  0    Dex: 13    Spells: 11/11 levels left

rFire   . . .        h - +4 whip of Plunder {vamp, rN+}
rCold   . . .        (no shield)
rNeg    + . .        m - +0 chain mail
rPois   .            (no helmet)
rElec   .            v - +0 cloak
rCorr   .            e - +0 pair of gloves
SInv    .            (no boots)
Will    .....        (no amulet)
Stlth   ++           o - +6 ring of strength
HPRegen 0.30/turn    x - +4 ring of slaying
MPRegen 0.12/turn

%: no passive effects
@: no status effects
A: fangs 1, strong nose, distributed training
a: Renounce Religion, Recall Undead Harvest


You were on level 6 of the Dungeon.
You worshipped Yredelemnul.
Yredelemnul was noncommittal.
You visited 1 branch of the dungeon, and saw 6 of its levels.
You also visited: Sewer.

You collected 232 gold pieces.
You spent 70 gold pieces at shops.

Inventory:

Hand Weapons
 a - a +0 spear
 h - the +4 whip of Plunder (weapon) {vamp, rN+}
   (You found it on level 5 of the Dungeon)

   rN+:       It protects you from negative energy.
Armour
 b - a +0 leather armour
 e - a +0 pair of gloves (worn)
 m - a +0 chain mail (worn)
 v - a +0 cloak (worn)
Jewellery
 o - a +6 ring of strength (left hand)
 r - a ring of fire
 u - a ring of wizardry
 x - a +4 ring of slaying (right hand)
 y - an amulet of magic regeneration
Wands
 g - a wand of digging (2)
 k - a wand of paralysis (11)
 D - a wand of polymorph (8)
Scrolls
 d - a scroll of revelation
 i - 2 scrolls of blinking {unknown}
 l - a scroll of fear
 n - 3 scrolls of enchant weapon {unknown}
 p - 2 scrolls of poison {unknown}
 s - 2 scrolls of enchant armour {unknown}
 t - a scroll of vulnerability {unknown}
 w - 2 scrolls of immolation {unknown}
 z - a scroll of brand weapon {unknown}
 B - a scroll of amnesia {unknown}
 G - 2 scrolls of summoning {unknown}
 H - a scroll of teleportation {unknown}
Potions
 f - a potion of haste
 j - a potion of lignification
 q - a potion of enlightenment
 A - 2 potions of brilliance
 C - 2 potions of heal wounds
 E - 2 potions of cancellation
 F - a potion of might


   Skills:
 + Level 7.2 Fighting
 + Level 2.8 Short Blades
 + Level 2.8 Long Blades
 + Level 2.8 Axes
 + Level 2.8 Maces & Flails
 + Level 5.4 Polearms
 + Level 2.8 Staves
 + Level 2.8 Ranged Weapons
 + Level 2.8 Throwing
 + Level 2.8 Armour
 + Level 5.4 Dodging
 + Level 10.0 Stealth
 + Level 2.8 Shields
 + Level 2.8 Unarmed Combat
 + Level 2.8 Spellcasting
 + Level 2.3 Conjurations
 + Level 2.3 Hexes
 + Level 2.3 Summonings
 + Level 2.3 Necromancy
 + Level 2.3 Translocations
 + Level 2.3 Transmutations
 + Level 2.3 Fire Magic
 + Level 2.3 Ice Magic
 + Level 2.3 Air Magic
 + Level 2.3 Earth Magic
 + Level 2.3 Poison Magic
 + Level 3.1 Invocations
 + Level 2.8 Evocations
 + Level 2.6 Shapeshifting


You had 11 spell levels left.
You didn't know any spells.
Your spell library contained the following spells:

 Spells                   Type           Power      Damage    Failure   Level
 Gell's Gravitas          Tloc           6%         N/A       96%         3
 Teleport Other           Tloc           6%         N/A       96%         3
 Dispersal                Tloc           3%         N/A       100%        6


Dungeon Overview and Level Annotations

Branches:
Dungeon (6/15)             Temple (0/1) D:6           Sewer (visited)

Altars:
Dithmenos
Hepliaklqana
Kikubaaqudgha
Nemelex Xobeh
Qazlal
Ru
Vehumet
Wu Jian
Yredelemnul

Shops:
D:1 !


Innate Abilities, Weirdness & Mutations

You have very sharp teeth.
Your uncanny sense of smell can sniff out nearby items.
Your experience applies equally to all skills.


Message History

The orc is almost dead.
The orc hits you but does no damage.
You swap places.
The orc hits your iguana zombie with a +0 whip.
What are your orders? t - Bark!
Orders for allies: a - Attack new target. r - Retreat! s - Stop attacking. g - Guard the area. f - Follow me.
Anything else - Cancel.
Gang up on whom?
Press: ? - help, Dir - move target, f - orc
Aim: an orc, wielding a +0 whip and wearing a +0 ring mail (almost dead, ally target) Attack!
Your iguana zombie bites the orc.
The orc dies!
You hear a splash. x2
The dead are walking!
You hear a splashing noise.
You swap places.
The orc priest calls down the wrath of Beogh upon you.
Beogh smites you!
* * * LOW HITPOINT WARNING * * *
You swap places.
Your iguana zombie barely misses the orc priest.
Your orc zombie closely misses the orc priest.
Your iguana zombie bites the orc priest.
What are your orders? t - Bark!
Orders for allies: a - Attack new target. r - Retreat! s - Stop attacking. g - Guard the area. f - Follow me.
Anything else - Cancel.
Gang up on whom?
Press: ? - help, Dir - move target, f - orc priest
Aim: an orc priest, wielding a +0 whip (moderately wounded, ally target) Attack!
The orc priest mumbles some strange prayers to Beogh against you.
Beogh smites you!
You die...
Your body rises from the dead as a mindless zombie.

#.#..#..#..#.#
######....#Z[#..#.##
...........#'##......
.#######.........#### #..
.# #.# #.............
#..##.# #.# #.#####.######
##...#.# #.###)#####.#####
.. #......#
#.##)).........Z##
..##......
#@##..#####.###.ZZ
.....!... #.##.Z...##.#
####
........#######Z##.<...##.#
........~~~~D~oZ~#Z..>....#
.......)##########.....####
........#.#.######....<#
.......Z#.#..ZZZ.Z...###
..........Z..#####.#.#
.#####...⌠...# #.....


You could see an orc priest (ally target), a friendly iguana zombie and a
friendly orc zombie.

Vanquished Creatures
  Eustachio (D:5)
  Pargi (Sewer)
  A scorpion (D:4)
  A hound (D:4)
  3 orc priests
  A sleepcap (D:6)
  3 iguanas (D:6)
  An orc wizard (D:5)
  6 adders
  A gnoll (D:2)
  2 worms
  14 orcs
  10 ball pythons
  7 endoplasms
  A giant cockroach (D:2)
  4 goblins
  8 hobgoblins
  5 quokkas
  5 bats
  7 frilled lizards
  6 kobolds
  5 rats
93 creatures vanquished.

Vanquished Creatures (collateral kills)
  An ice beast (D:6)
  An adder (D:5)
  A dart slug (D:2)
  3 orcs
  A goblin (D:2)
  A ball python (D:2)
  A bat (D:1)
  3 frilled lizards
  4 rats (D:1)
16 creatures vanquished.

Vanquished Creatures (others)
  A worm zombie (D:3)
  4 adder zombies
  An iguana zombie (D:6)
  5 orc zombies
  2 bat zombies (D:1)
13 creatures vanquished.

Grand Total: 122 creatures vanquished

Notes
Turn   | Place    | Note
-------+----------+-------------------------------------------
     0 | D:5      | Reached skill level 9 in Stealth
     0 | D:5      | CowFu the Gnoll Delver began the quest for the Orb.
     0 | D:5      | Reached XP level 1. HP: 23/23 MP: 1/1
     1 | D:5      | Noticed an orc priest
     3 | D:5      | Noticed an orc wizard
     4 | D:5      | Noticed Eustachio
    12 | D:5      | Identified the +4 whip of Plunder {vamp, rN+}
    14 | D:5      | Noticed a scorpion
    16 | D:5      | Killed an orc priest
    17 | D:5      | Reached XP level 2. HP: 3/29 MP: 2/2
    17 | D:5      | Reached XP level 3. HP: 4/35 MP: 3/3
   210 | D:5      | Reached skill level 1 in Invocations
   268 | D:4      | Reached skill level 1 in Short Blades
   268 | D:4      | Reached skill level 1 in Long Blades
   268 | D:4      | Reached skill level 1 in Axes
   268 | D:4      | Reached skill level 1 in Maces & Flails
   268 | D:4      | Reached skill level 1 in Staves
   268 | D:4      | Reached skill level 1 in Ranged Weapons
   268 | D:4      | Reached skill level 1 in Throwing
   268 | D:4      | Reached skill level 1 in Armour
   268 | D:4      | Reached skill level 1 in Shields
   268 | D:4      | Reached skill level 1 in Unarmed Combat
   268 | D:4      | Reached skill level 1 in Spellcasting
   268 | D:4      | Reached skill level 1 in Evocations
   268 | D:4      | Reached skill level 1 in Shapeshifting
   268 | D:4      | Reached XP level 4. HP: 39/41 MP: 5/5
   392 | D:4      | Noticed a scorpion
   415 | D:4      | HP: 2/41 [scorpion (7)]
   416 | D:4      | Killed a scorpion
   417 | D:4      | Reached skill level 1 in Conjurations
   417 | D:4      | Reached skill level 1 in Hexes
   417 | D:4      | Reached skill level 1 in Summonings
   417 | D:4      | Reached skill level 1 in Necromancy
   417 | D:4      | Reached skill level 1 in Translocations
   417 | D:4      | Reached skill level 1 in Transmutations
   417 | D:4      | Reached skill level 1 in Fire Magic
   417 | D:4      | Reached skill level 1 in Ice Magic
   417 | D:4      | Reached skill level 1 in Air Magic
   417 | D:4      | Reached skill level 1 in Earth Magic
   417 | D:4      | Reached skill level 1 in Poison Magic
   417 | D:4      | Reached XP level 5. HP: 3/47 MP: 5/7
   706 | D:4      | Found a basalt altar of Yredelemnul.
   711 | D:4      | Became a worshipper of Yredelemnul the Dark
   731 | D:4      | Found a sacrificial altar of Ru.
  1670 | D:3      | Found a faded altar of an unknown god.
  1675 | D:3      | Found a stormy altar of Qazlal.
  1717 | D:3      | Reached * piety under Yredelemnul
  1863 | D:3      | Found a hazy altar of Hepliaklqana.
  1863 | D:3      | Found a shadowy altar of Dithmenos.
  1863 | D:3      | Found a sparkling altar of Nemelex Xobeh.
  1863 | D:3      | Found an ancient bone altar of Kikubaaqudgha.
  1884 | D:3      | Found an ornate altar of the Wu Jian Council.
  1886 | D:3      | Found a radiant altar of Vehumet.
  2395 | D:1      | Found a faded altar of an unknown god.
  2651 | D:1      | Found Mefor's Distillery.
  2654 | D:1      | Bought a potion of heal wounds for 70 gold pieces
  2707 | D:1      | Reached XP level 6. HP: 53/53 MP: 8/8
  2740 | D:1      | Reached ** piety under Yredelemnul
  3385 | D:5      | Reached skill level 5 in Polearms
  3385 | D:5      | Reached skill level 5 in Dodging
  3451 | D:5      | Killed Eustachio
  3452 | D:5      | Reached XP level 7. HP: 46/59 MP: 10/10
  3875 | D:6      | Found a staircase to the Ecumenical Temple.
  3885 | D:6      | Noticed a steam dragon
  3887 | D:6      | Found a glowing drain.
  3897 | D:6      | Reached skill level 10 in Stealth
  3905 | Sewer    | Entered a sewer
  3993 | Sewer    | Noticed Pargi
  4006 | Sewer    | Killed Pargi
  4131 | D:6      | Killed from afar by an orc priest

Illustrated notes

Levels and vault maps discovered:
D:1:      dpeg_arrival_short_road, layout_basic, serial_shops,
          nicolae_shop_real_fake_doors, dreamdust_ecumenical_altar_grove,
          serial_curves, eino_curves_04, eino_curves_03, eino_curves_02,
          serial_bayou_pond_b
D:2:      layout_rooms, minmay_tetromino_s4
D:3:      layout_loops_corners, nicolae_overflow_ecumenical_swirl,
          minmay_overflow_temple_hex
D:4:      layout_loops_ring, kennysheep_little_box,
          mainiacjoe_overflow_concentric_impassable
D:5:      layout_cave_pools, chequers_avenue, uniq_eustachio
D:6:      layout_loops_ring, temple_fountains, portal_sewer_entry_d,
          corexii_shack

Skill      XL: |  1  2  3  4  5  6  7 |
---------------+----------------------+-----
Stealth        | 10 | 10.0
Invocations    | 1 2 3 |  3.1
Short Blades   | 1 2 |  2.8
Long Blades    | 1 2 |  2.8
Axes           | 1 2 |  2.8
Maces & Flails | 1 2 |  2.8
Staves         | 1 2 |  2.8
Ranged Weapons | 1 2 |  2.8
Throwing       | 1 2 |  2.8
Armour         | 1 2 |  2.8
Shields        | 1 2 |  2.8
Unarmed Combat | 1 2 |  2.8
Spellcasting   | 1 2 |  2.8
Evocations     | 1 2 |  2.8
Shapeshifting  | 1 2 |  2.6
Conjurations   | 1 2 |  2.3
Hexes          | 1 2 |  2.3
Summonings     | 1 2 |  2.3
Necromancy     | 1 2 |  2.3
Translocations | 1 2 |  2.3
Transmutations | 1 2 |  2.3
Fire Magic     | 1 2 |  2.3
Ice Magic      | 1 2 |  2.3
Air Magic      | 1 2 |  2.3
Earth Magic    | 1 2 |  2.3
Poison Magic   | 1 2 |  2.3
Polearms       | 5 |  5.4
Dodging        | 5 |  5.4
Fighting       | 7 |  7.2

Action                     |  1- 3 |  4- 6 |  7- 9 || total
---------------------------+-------+-------+-------++-------
  Melee: Spear             |     6 |       |       ||     6
         Whip              |    19 |   170 |    95 ||   284
         Bite              |     1 |    14 |    13 ||    28
         Punch             |       |     1 |     2 ||     3
         Unarmed           |       |     9 |       ||     9
 Invoke: Recall Undead Har |       |       |     1 ||     1
  Evoke: Wand              |       |       |     1 ||     1
    Use: Scroll            |     2 |       |     6 ||     8
         Potion            |       |     1 |       ||     1
   Stab: Sleeping          |     1 |     9 |     2 ||    12
 Armour: Leather armour    |    21 |    25 |       ||    46
         Chain mail        |       |    78 |   103 ||   181
         Skin              |       |     6 |       ||     6
  Dodge: Dodged            |    18 |    95 |    49 ||   162

Table legend: (Time is in decaauts)
 A = Elapsed time spent in this place.
 B = Non-inter-level travel time spent in this place.
 C = Inter-level travel time spent in this place.
 D = Time resting spent in this place.
 E = Time spent auto-exploring this place.
 F = Levels seen in this place.
 G = Mean time per level.
                   A        B        C        D        E       F      G
               +--------+--------+--------+--------+--------+-----+--------+
         Total |   4166 |   3993 |    173 |      0 |   2825 |   7 |  595.1 |
       Dungeon |   3941 |   3768 |    173 |      0 |   2732 |   6 |  656.8 |
         Sewer |    225 |    225 |      0 |      0 |     93 |   1 |  225.0 |
               +--------+--------+--------+--------+--------+-----+--------+

Top non-repeatable levels by time:
     D:4: 908 daAuts
     D:3: 894 daAuts
     D:1: 744 daAuts
     D:5: 645 daAuts
     D:2: 432 daAuts
     D:6: 316 daAuts
   Sewer: 225 daAuts
